 Dungeon Crawl Stone Soup version 0.31-a0-331-geda263fcf1 (webtiles) character file.

Game seed: 2077989830062866410

459 billz999 the Magician (level 7, -5/45 HPs)
             Began as a Djinni Ice Elementalist on July 19, 2023.
             Slain by an ice beast (19 damage)
             ... on level 5 of the Dungeon.
             The game lasted 00:16:46 (4237 turns).

billz999 the Magician (Djinni Ice Elementalist)     Turns: 4237, Time: 00:16:46

Health: -5/45      AC:  0    Str: 10    XL:     7   Next: 27%
Gold:   158        EV: 12    Int: 18    God:
                   SH:  0    Dex: 14

rFire   + + .        v - +2 halberd (vamp)
rCold   x . .        (shield currently unavailable)
rNeg    . . .        a - +0 robe
rPois   ∞            m - +0 helmet
rElec   .            (no cloak)
rCorr   .            r - +0 pair of gloves {Str+3}
SInv    .            (boots unavailable)
Will    .....        (no amulet)
Stlth   ++           (no ring)
HPRegen 0.27/turn    (no ring)
MPRegen 0.00/turn

%: infuse magic (-6 HP)
@: corroded, flying
A: sickness immunity, fire resistance 2, cold vulnerability 1, float, innate
caster, HP casting, extra vitality 1
a: no special abilities


You were on level 5 of the Dungeon.
You visited 1 branch of the dungeon, and saw 5 of its levels.

You collected 284 gold pieces.
You spent 126 gold pieces at shops.

Inventory:

Hand Weapons
 c - a +0 dagger
 n - a +0 quarterstaff of draining
 v - a +2 vampiric halberd (weapon)
Missiles
 u - 3 throwing nets
Armour
 a - a +0 robe (worn)
 m - a +0 helmet (worn)
 r - a +0 pair of gloves of strength (worn)
Jewellery
 f - an amulet of the acrobat
 i - a ring of protection from cold
Scrolls
 d - a scroll of fog
 g - a scroll of enchant weapon
 h - 2 scrolls of poison
 j - 2 scrolls of fear
 k - 2 scrolls of vulnerability {unknown}
 o - a scroll of revelation {unknown}
 p - 3 scrolls of torment {unknown}
 q - a scroll of blinking {unknown}
 s - 3 scrolls of enchant armour {unknown}
 w - a scroll of immolation {unknown}
Potions
 b - 3 potions of mutation
 e - a potion of heal wounds {unknown}
 l - 2 potions of curing
 t - a potion of degeneration {unknown}


   Skills:
 * Level 2.4 Polearms
 - Level 2.1 Dodging
 - Level 1.5 Stealth
 + Level 5.8 Spellcasting
 + Level 5.8 Conjurations
 + Level 5.8 Hexes
 + Level 5.8 Summonings
 + Level 5.8 Necromancy
 + Level 5.8 Translocations
 + Level 5.8 Transmutations
 + Level 5.8 Fire Magic
 + Level 5.8 Ice Magic
 + Level 5.8 Air Magic
 + Level 5.8 Earth Magic
 + Level 5.8 Poison Magic


You knew the following spells:

 Your Spells              Type           Power      Damage    Failure   Level
a - Freeze                Ice            100%       1d10      1%          1
b - Frozen Ramparts       Ice            52%        1d8       3%          3
c - Ozocubu's Armour      Ice            26%        N/A       3%          3
d - Summon Ice Beast      Ice/Summ       26%        N/A       11%         4
e - Kiss of Death         Conj/Necr      100%       2d13      1%          1
f - Wereblood             Tmut           26%        N/A       1%          2
g - Tukima's Dance        Hex            26%        N/A       3%          3
Your spell library was empty.

Dungeon Overview and Level Annotations

Branches:
Dungeon (5/15)
 Temple: D:4-7

Altars:
Qazlal
Uskayaw
Xom
Yredelemnul
The Shining One

Shops:
D:2 *   D:3 *   D:4 :


Innate Abilities, Weirdness & Mutations

You are immune to sickness and miasma.
You are immune to poison.
Your flesh is very heat resistant. (rF++)
You are vulnerable to cold. (rC-)
You float through the air rather than walking.
You learn spells naturally, not from books.
Your magical power is your life essence.
You have superior vitality. (+4 MHP)


Message History

The jelly dies!
Reach: v) +2 halberd (vamp)
Press: ? - help, Dir - move target, f - ice beast
Aim: an ice beast (ally target, about 46% to evade your +2 vampiric halberd)
You reach to attack!
You slash the ice beast!
You feel better.
The ice beast is heavily wounded.
Your ice beast hits the ice beast.
Your ice beast freezes the ice beast.
The ice beast completely resists.
Reach: v) +2 halberd (vamp)
Press: ? - help, Dir - move target, f/p - ice beast
Aim: an ice beast (heavily wounded, ally target, about 46% to evade your +2 vampiric halberd)
You barely miss the ice beast.
The ice beast is heavily wounded.
Your ice beast hits the ice beast.
Your ice beast freezes the ice beast.
The ice beast completely resists.
The ice beast closely misses you.
Your ice beast hits the ice beast but does no damage.
The ice beast closely misses your ice beast.
Reach: v) +2 halberd (vamp)
Press: ? - help, Dir - move target, f/p - ice beast
Aim: an ice beast (severely wounded, not watching you, ally target, about 46% to evade your +2 vampiric halberd)
You closely miss the ice beast.
The ice beast is severely wounded.
Your ice beast closely misses the ice beast.
The ice beast hits you. The ice beast freezes you!
You feel a terrible chill!
Reach: v) +2 halberd (vamp)
Press: ? - help, Dir - move target, f/p - ice beast
Aim: an ice beast (severely wounded, ally target, about 46% to evade your +2 vampiric halberd)
You closely miss the ice beast.
The ice beast is severely wounded.
Your ice beast hits the ice beast.
Your ice beast freezes the ice beast.
The ice beast completely resists.
The ice beast hits you. The ice beast freezes you!
You feel a terrible chill!
Reach: v) +2 halberd (vamp)
Press: ? - help, Dir - move target, f/p - ice beast
Aim: an ice beast (severely wounded, ally target, about 46% to evade your +2 vampiric halberd)
You barely miss the ice beast.
The ice beast is severely wounded.
Your ice beast closely misses the ice beast.
The ice beast hits you. The ice beast freezes you!!
You feel a terrible chill!
You die...

.......#.# # .#.
..#....#.# # ...
>.....#.##########
.#..
#....#...........
.....
#....#######.####
.#...###........###.#
......Y.............#
≈≈.._.Y≈≈≈≈..PPPP...#
.......@...........##
##...####..#########
#. #..# ....# ###.##
#.# #.# ###


You could see an ice beast (ally target) and a friendly ice beast (summoned).

Vanquished Creatures
  A gnoll sergeant (D:4)
  A scorpion (D:4)
  Natasha (thrice) (D:3)
  8 gnolls
  A howler monkey skeleton (D:3)
  3 adders
  3 adder zombies (D:3)
  3 worms
  An orc (D:3)
  6 ball pythons
  5 bats (D:1)
  7 endoplasms
  6 giant cockroaches
  8 goblins
  3 hobgoblins
  7 jackals (D:1)
  3 quokkas
  A giant cockroach zombie (D:3)
  7 kobolds
  A quokka zombie (D:3)
  3 rats
81 creatures vanquished.

Vanquished Creatures (collateral kills)
  A jelly (D:5)
  2 gnolls (D:4)
  An ufetubus (D:4)
  A ball python (D:4)
5 creatures vanquished.

Grand Total: 86 creatures vanquished

Notes
Turn   | Place    | Note
-------+----------+-------------------------------------------
     0 | D:1      | billz999 the Djinni Ice Elementalist began the quest for
                  | the Orb.
     0 | D:1      | billz999 set off with the following spells memorised:
                  | Freeze, Frozen Ramparts, Ozocubu's Armour, Summon Ice
                  | Beast.
     0 | D:1      | Reached XP level 1. HP: 15/15 MP: 0/0
   202 | D:1      | Reached XP level 2. HP: 20/21 MP: 0/0
   707 | D:1      | Reached XP level 3. HP: 20/25 MP: 0/0
   707 | D:1      | Learned a level 1 spell: Kiss of Death
  1336 | D:2      | Reached XP level 4. HP: 27/31 MP: 0/0
  1803 | D:2      | Reached XP level 5. HP: 33/35 MP: 0/0
  1803 | D:2      | Learned a level 2 spell: Wereblood
  1858 | D:2      | Found Cirrilyck's General Store.
  2000 | D:3      | Noticed Natasha
  2005 | D:3      | Killed Natasha
  2006 | D:3      | Reached skill level 5 in Spellcasting
  2006 | D:3      | Reached skill level 5 in Conjurations
  2006 | D:3      | Reached skill level 5 in Hexes
  2006 | D:3      | Reached skill level 5 in Summonings
  2006 | D:3      | Reached skill level 5 in Necromancy
  2006 | D:3      | Reached skill level 5 in Translocations
  2006 | D:3      | Reached skill level 5 in Transmutations
  2006 | D:3      | Reached skill level 5 in Fire Magic
  2006 | D:3      | Reached skill level 5 in Ice Magic
  2006 | D:3      | Reached skill level 5 in Air Magic
  2006 | D:3      | Reached skill level 5 in Earth Magic
  2006 | D:3      | Reached skill level 5 in Poison Magic
  2054 | D:3      | Found Tyoguss's General Store.
  2063 | D:3      | Bought a +0 pair of gloves of strength for 126 gold pieces
  2226 | D:3      | Noticed Natasha
  2237 | D:3      | Killed Natasha
  2559 | D:3      | Reached XP level 6. HP: 34/40 MP: 0/0
  2828 | D:3      | Noticed Natasha
  2835 | D:3      | Killed Natasha
  3252 | D:4      | Found a basalt altar of Yredelemnul.
  3255 | D:4      | Found a hide-covered altar of Uskayaw.
  3260 | D:4      | Reached skill level 1 in Polearms
  3303 | D:4      | Found a glowing golden altar of the Shining One.
  3306 | D:4      | Found a stormy altar of Qazlal.
  3463 | D:4      | Found Piallaeh's Book Shoppe.
  3666 | D:4      | Reached XP level 7. HP: 19/45 MP: 0/0
  3666 | D:4      | Learned a level 3 spell: Tukima's Dance
  4170 | D:5      | Entered Level 5 of the Dungeon
  4221 | D:5      | Found a shimmering altar of Xom.
  4237 | D:5      | Slain by an ice beast

Illustrated notes

Levels and vault maps discovered:
D:1:      dpeg_arrival_arbitrary_c, layout_loops_corners
D:2:      layout_loops_cross, serial_shops, shop
D:3:      layout_basic, serial_undead, serial_undead_e, serial_undead_d,
          serial_undead_c, serial_undead_f, serial_shops,
          nicolae_shop_temple_entry_statues_fountains, serial_bayou_crossing,
          uniq_natasha
D:4:      layout_basic, grunt_temple_overflow_cloverleaf, serial_shops, shop
D:5:      layout_basic, mainiacjoe_overflow_boulevard, minmay_temple_entry_tees,
          eino_small_chamber_without_monster

Skill      XL: |  1  2  3  4  5  6  7 |
---------------+----------------------+-----
Spellcasting   | 4 5 |  5.8
Conjurations   | 4 5 |  5.8
Hexes          | 4 5 |  5.8
Summonings     | 4 5 |  5.8
Necromancy     | 4 5 |  5.8
Translocations | 4 5 |  5.8
Transmutations | 4 5 |  5.8
Fire Magic     | 4 5 |  5.8
Ice Magic      | 4 5 |  5.8
Air Magic      | 4 5 |  5.8
Earth Magic    | 4 5 |  5.8
Poison Magic   | 4 5 |  5.8
Polearms       | 1 2 |  2.4
Dodging        | |  2.1
Stealth        | |  1.5

Action                     |  1- 3 |  4- 6 |  7- 9 || total
---------------------------+-------+-------+-------++-------
  Melee: Dagger            |     1 |       |       ||     1
         Quarterstaff      |       |    36 |       ||    36
         Halberd           |       |     6 |     9 ||    15
   Cast: Freeze            |    49 |    40 |     3 ||    92
         Frozen Ramparts   |     4 |    25 |     2 ||    31
         Summon Ice Beast  |       |     3 |     1 ||     4
         Ozocubu's Armour  |       |     2 |       ||     2
         Tukima's Dance    |       |       |     1 ||     1
    Use: Scroll            |       |     6 |       ||     6
   Stab: Sleeping          |       |     1 |       ||     1
 Armour: Robe              |    12 |    19 |       ||    31
  Dodge: Dodged            |    24 |    45 |     5 ||    74

Table legend: (Time is in decaauts)
 A = Elapsed time spent in this place.
 B = Non-inter-level travel time spent in this place.
 C = Inter-level travel time spent in this place.
 D = Time resting spent in this place.
 E = Time spent auto-exploring this place.
 F = Levels seen in this place.
 G = Mean time per level.
                   A        B        C        D        E       F      G
               +--------+--------+--------+--------+--------+-----+--------+
         Total |   4251 |   4118 |    133 |    128 |   3337 |   5 |  850.2 |
       Dungeon |   4251 |   4118 |    133 |    128 |   3337 |   5 |  850.2 |
               +--------+--------+--------+--------+--------+-----+--------+

Top non-repeatable levels by time:
     D:4: 1325 daAuts
     D:1: 1147 daAuts
     D:3: 858 daAuts
     D:2: 853 daAuts
     D:5: 68 daAuts
